| TOP OF THE 1ST |
|
Philadelphia (APP) Phillies batting - Pitching for Bristol Pirates : LHP Grady Hebert
|
|
Pitching: LHP Grady Hebert
|
|
|
Batting: LHB Matt Urbanek
|
0-0: Swinging Strike 0-1: Swinging Strike 0-2: Ground out 5-3 (Groundball, 56, EV 102.5 MPH)
|
|
Batting: RHB Gary Sampson
|
0-0: Ball 1-0: Ball 2-0: Ball 3-0: Base on Balls
|
|
Batting: RHB Seung-mun Kim
|
0-0: Ball Gary Sampson steals 2nd base 1-0: Ball 2-0: Called Strike 2-1: Ground out 6-3 (Groundball, 6, EV 107.5 MPH)
|
|
Batting: RHB Vaclav Been
|
0-0: Ball 1-0: Called Strike 1-1: Foul Ball, location: 2F 1-2: Strikes out swinging
|
| Top of the 1st over - 0 runs, 0 hits, 0 errors, 1 left on base; Philadelphia (APP) 0 - Bristol 0 |
| BOTTOM OF THE 1ST |
|
Bristol Pirates batting - Pitching for Philadelphia (APP) Phillies : LHP Eddie San Miguel
|
|
Pitching: LHP Eddie San Miguel
|
|
|
Batting: RHB Perry Dominey
|
0-0: Called Strike 0-1: Ball 1-1: SINGLE (Groundball, 56D, EV 110.0 MPH)
|
|
Batting: LHB Randy Boone
|
0-0: Ball 1-0: Called Strike 1-1: Ball 2-1: Called Strike 2-2: Ball 3-2: Foul Ball, location: 2F 3-2: Foul Ball, location: 2F 3-2: Foul Ball, location: 2F 3-2: Foul Ball, location: 2F 3-2: Fly out, F8 (Flyball, 78M, EV 92.5 MPH)
|
|
Batting: RHB Etsuro Hosokawa
|
0-0: Ball 1-0: DOUBLE (Flyball, 8LXD, EV 98.1 MPH) Perry Dominey to third
|
|
Batting: RHB Jaime Dubicki
|
0-0: Called Strike 0-1: Fly out, F4 (Line Drive, 4, EV 71.9 MPH)
|
|
Batting: LHB Ruben Garza
|
0-0: Ball 1-0: Ball 2-0: Ground out 4-3 (Groundball, 4, EV 85.6 MPH)
|
| Bottom of the 1st over - 0 runs, 2 hits, 0 errors, 2 left on base; Philadelphia (APP) 0 - Bristol 0 |
| TOP OF THE 2ND |
|
Philadelphia (APP) Phillies batting - Pitching for Bristol Pirates : LHP Grady Hebert
|
|
Batting: RHB Eduardo Calderon
|
0-0: Called Strike 0-1: Foul Ball, location: 2F 0-2: Foul Ball, location: 2F 0-2: Ball 1-2: Ball 2-2: Foul Ball, location: 2F 2-2: Foul Ball, location: 2F 2-2: Strikes out swinging
|
|
Batting: RHB Mark Schultz
|
0-0: Ball 1-0: Called Strike 1-1: Ball 2-1: Ball 3-1: Called Strike 3-2: SINGLE (Line Drive, 7S, EV 102.5 MPH)
|
|
Batting: LHB Danny Zuniga
|
0-0: Ball 1-0: Swinging Strike 1-1: Swinging Strike 1-2: Strikes out swinging Mark Schultz steals 2nd base Batter strikes out.
|
|
Batting: LHB Josh George
|
0-0: Ball 1-0: 2-RUN HOME RUN (Flyball, 9D, EV 98.1 MPH), Distance : 393 ft
|
|
Batting: LHB Eric Farren
|
0-0: Ball 1-0: Ball 2-0: Called Strike 2-1: Ball 3-1: Foul Ball, location: 2F 3-2: Base on Balls
|
|
Batting: LHB Matt Urbanek
|
0-0: Ball 1-0: Ball 2-0: Ball 3-0: Base on Balls Eric Farren to second
|
|
Batting: RHB Gary Sampson
|
0-0: Called Strike 0-1: Called Strike 0-2: Ball 1-2: Fielders Choice at 2nd, 5-4 (Groundball, 56, EV 86.9 MPH)
|
| Top of the 2nd over - 2 runs, 2 hits, 0 errors, 2 left on base; Philadelphia (APP) 2 - Bristol 0 |
| BOTTOM OF THE 2ND |
|
Bristol Pirates batting - Pitching for Philadelphia (APP) Phillies : LHP Eddie San Miguel
|
|
Batting: RHB Andrew DeRicco
|
0-0: Ball 1-0: Called Strike 1-1: SINGLE (Flyball, 8LS, EV 98.8 MPH)
|
|
Batting: RHB Gilberto Victoria
|
0-0: Swinging Strike 0-1: Swinging Strike 0-2: Ball 1-2: Ball 2-2: Strikes out swinging
|
|
Batting: LHB Tomohiro Yokoyama
|
0-0: Ball 1-0: Ball 2-0: Ball 3-0: Base on Balls Andrew DeRicco to second
|
|
Batting: RHB Rob Colley
|
0-0: Foul Ball, location: 2F 0-1: SINGLE (Groundball, 6MD, EV 106.2 MPH) Andrew DeRicco to third Tomohiro Yokoyama to second Runner from 3rd tries for Home, throw by CF and OUT! 8-2
|
|
Batting: RHB Perry Dominey
|
0-0: Fly out, F9 (Line Drive, 9D, EV 92.5 MPH)
|
| Bottom of the 2nd over - 0 runs, 2 hits, 0 errors, 2 left on base; Philadelphia (APP) 2 - Bristol 0 |
| TOP OF THE 3RD |
|
Philadelphia (APP) Phillies batting - Pitching for Bristol Pirates : LHP Grady Hebert
|
|
Batting: RHB Seung-mun Kim
|
0-0: Ball 1-0: Ball 2-0: Swinging Strike 2-1: Foul Ball, location: 2F 2-2: Strikes out looking
|
|
Batting: RHB Vaclav Been
|
0-0: Called Strike 0-1: Foul Ball, location: 2F 0-2: Strikes out swinging
|
|
Batting: RHB Eduardo Calderon
|
0-0: Called Strike 0-1: Swinging Strike 0-2: Ball 1-2: Ball 2-2: Foul Ball, location: 2F 2-2: Strikes out looking
|
| Top of the 3rd over - 0 runs, 0 hits, 0 errors, 0 left on base; Philadelphia (APP) 2 - Bristol 0 |
| BOTTOM OF THE 3RD |
|
Bristol Pirates batting - Pitching for Philadelphia (APP) Phillies : LHP Eddie San Miguel
|
|
Batting: LHB Randy Boone
|
0-0: Ball 1-0: Called Strike 1-1: SINGLE (Line Drive, 78S, EV 90.6 MPH)
|
|
Batting: RHB Etsuro Hosokawa
|
0-0: Ball Randy Boone steals 2nd base 1-0: Foul Ball, location: 2F 1-1: Ball 2-1: Foul Ball, location: 2F 2-2: Ball 3-2: Base on Balls
|
|
Batting: RHB Jaime Dubicki
|
0-0: Ball 1-0: Foul Ball, location: 2F 1-1: Ball 2-1: Ball 3-1: Swinging Strike 3-2: Foul Ball, location: 2F 3-2: DOUBLE (Line Drive, 3D, EV 98.8 MPH) Randy Boone scores Etsuro Hosokawa to third
|
|
Batting: LHB Ruben Garza
|
0-0: Fly out, F8 (Flyball, 78S, EV 76.9 MPH)
|
|
Batting: RHB Andrew DeRicco
|
0-0: Called Strike 0-1: Ball 1-1: Swinging Strike 1-2: Ball 2-2: Ball 3-2: Strikes out swinging
|
|
Batting: RHB Gilberto Victoria
|
0-0: Called Strike 0-1: Ground out 6-3 (Groundball, 6, EV 87.5 MPH)
|
| Bottom of the 3rd over - 1 run, 2 hits, 0 errors, 2 left on base; Philadelphia (APP) 2 - Bristol 1 |
| TOP OF THE 4TH |
|
Philadelphia (APP) Phillies batting - Pitching for Bristol Pirates : LHP Grady Hebert
|
|
Batting: RHB Mark Schultz
|
0-0: Ground out 6-3 (Groundball, 6, EV 86.2 MPH)
|
|
Batting: LHB Danny Zuniga
|
0-0: Called Strike 0-1: Ball 1-1: Ball 2-1: Ball 3-1: Foul Ball, location: 2F 3-2: Fly out, F8 (Flyball, 78M, EV 86.2 MPH)
|
|
Batting: LHB Josh George
|
0-0: Swinging Strike 0-1: Swinging Strike 0-2: Ball 1-2: Ball 2-2: Foul Ball, location: 2F 2-2: Foul Ball, location: 2F 2-2: Ball 3-2: Foul Ball, location: 2F 3-2: Foul Ball, location: 2F 3-2: Strikes out looking
|
| Top of the 4th over - 0 runs, 0 hits, 0 errors, 0 left on base; Philadelphia (APP) 2 - Bristol 1 |
| BOTTOM OF THE 4TH |
|
Bristol Pirates batting - Pitching for Philadelphia (APP) Phillies : LHP Eddie San Miguel
|
|
Batting: LHB Tomohiro Yokoyama
|
0-0: Ball 1-0: Foul Ball, location: 2F 1-1: Ball 2-1: Ball 3-1: Foul Ball, location: 2F 3-2: Strikes out looking
|
|
Batting: RHB Rob Colley
|
0-0: Called Strike 0-1: Ball 1-1: Ball 2-1: Ball 3-1: Foul Ball, location: 2F 3-2: Base on Balls
|
|
Batting: RHB Perry Dominey
|
0-0: Called Strike 0-1: Ball 1-1: Ball 2-1: Called Strike 2-2: Ball 3-2: Strikes out looking
|
|
Batting: LHB Randy Boone
|
0-0: Called Strike 0-1: Foul Ball, location: 2F 0-2: Strikes out swinging
|
| Bottom of the 4th over - 0 runs, 0 hits, 0 errors, 1 left on base; Philadelphia (APP) 2 - Bristol 1 |
| TOP OF THE 5TH |
|
Philadelphia (APP) Phillies batting - Pitching for Bristol Pirates : LHP Grady Hebert
|
|
Batting: LHB Eric Farren
|
0-0: Called Strike 0-1: Swinging Strike 0-2: Foul Ball, location: 2F 0-2: Ground out 1-3 (Groundball, 13S, EV 69.4 MPH)
|
|
Batting: LHB Matt Urbanek
|
0-0: Fly out, F7 (Flyball, 7D, EV 90.6 MPH)
|
|
Batting: RHB Gary Sampson
|
0-0: Ball 1-0: Foul Ball, location: 2F 1-1: Foul Ball, location: 2F 1-2: Ball 2-2: DOUBLE (Line Drive, 9LD, EV 113.1 MPH)
|
|
Batting: RHB Seung-mun Kim
|
0-0: Swinging Strike 0-1: Foul Ball, location: 2F 0-2: Strikes out looking
|
| Top of the 5th over - 0 runs, 1 hit, 0 errors, 1 left on base; Philadelphia (APP) 2 - Bristol 1 |
| BOTTOM OF THE 5TH |
|
Bristol Pirates batting - Pitching for Philadelphia (APP) Phillies : LHP Eddie San Miguel
|
|
Pitching: RHP Tony Trevino
|
|
|
Batting: RHB Etsuro Hosokawa
|
0-0: Fly out, F5 (Line Drive, 5, EV 63.1 MPH)
|
|
Batting: RHB Jaime Dubicki
|
0-0: Fly out, F8 (Line Drive, 8RM, EV 93.8 MPH)
|
|
Batting: LHB Ruben Garza
|
0-0: Swinging Strike 0-1: Called Strike 0-2: SINGLE (Flyball, 78S, EV 98.1 MPH)
|
|
Batting: RHB Andrew DeRicco
|
0-0: Fielders Choice at 2nd, 6-4 (Groundball, 6D, EV 82.5 MPH)
|
| Bottom of the 5th over - 0 runs, 1 hit, 0 errors, 1 left on base; Philadelphia (APP) 2 - Bristol 1 |
| TOP OF THE 6TH |
|
Philadelphia (APP) Phillies batting - Pitching for Bristol Pirates : LHP Grady Hebert
|
|
Batting: RHB Vaclav Been
|
0-0: Ball 1-0: Ball 2-0: Called Strike 2-1: Ball 3-1: Base on Balls
|
|
Batting: RHB Eduardo Calderon
|
0-0: Foul Ball, location: 2F 0-1: Ball Vaclav Been steals 2nd base 1-1: SINGLE (Line Drive, 6M, EV 107.5 MPH) Vaclav Been to third
|
|
Pitching: LHP Phil DeCamp
|
|
|
Batting: RHB Mark Schultz
|
0-0: Called Strike 0-1: Called Strike 0-2: Foul Ball, location: 2F 0-2: Foul Ball, location: 2F 0-2: Strikes out swinging
|
|
Batting: LHB Danny Zuniga
|
0-0: Fly out, F8 (Line Drive, 8RM, EV 91.2 MPH)
|
|
Batting: LHB Josh George
|
0-0: Ball 1-0: Ball 2-0: Foul Ball, location: 2F 2-1: 3-RUN HOME RUN (Flyball, 7D, EV 94.4 MPH), Distance : 375 ft
|
|
Batting: LHB Eric Farren
|
0-0: Ball 1-0: Ball 2-0: Called Strike 2-1: Foul Ball, location: 2F 2-2: Ball 3-2: Ground out 6-3 (Groundball, 6, EV 83.1 MPH)
|
| Top of the 6th over - 3 runs, 2 hits, 0 errors, 0 left on base; Philadelphia (APP) 5 - Bristol 1 |
| BOTTOM OF THE 6TH |
|
Bristol Pirates batting - Pitching for Philadelphia (APP) Phillies : RHP Tony Trevino
|
|
Batting: RHB Gilberto Victoria
|
0-0: Called Strike 0-1: Foul Ball, location: 2F 0-2: Foul Ball, location: 2F 0-2: Strikes out swinging
|
|
Batting: LHB Tomohiro Yokoyama
|
0-0: Called Strike 0-1: Ball 1-1: Ball 2-1: Ball 3-1: Foul Ball, location: 2F 3-2: Base on Balls
|
|
Batting: RHB Rob Colley
|
0-0: Called Strike 0-1: Ground out 4-3 (Groundball, 34D, EV 83.1 MPH) Tomohiro Yokoyama to second
|
|
Batting: RHB Perry Dominey
|
0-0: Called Strike 0-1: Called Strike 0-2: Ball 1-2: Ball 2-2: Ball 3-2: SINGLE (Groundball, 6D, EV 103.8 MPH) Tomohiro Yokoyama to third Runner from 3rd tries for Home, SAFE, throw by LF to home
|
|
Batting: LHB Randy Boone
|
0-0: Ball Perry Dominey is caught stealing 2nd base 2-6
|
| Bottom of the 6th over - 1 run, 1 hit, 0 errors, 0 left on base; Philadelphia (APP) 5 - Bristol 2 |
| TOP OF THE 7TH |
|
Philadelphia (APP) Phillies batting - Pitching for Bristol Pirates : LHP Phil DeCamp
|
|
Pitching: LHP Norm Silveira-Wray
|
|
|
Batting: LHB Matt Urbanek
|
0-0: Called Strike 0-1: Ball 1-1: Foul Ball, location: 2F 1-2: Strikes out swinging
|
|
Batting: RHB Gary Sampson
|
0-0: Ball 1-0: Fly out, F7 (Line Drive, 7, EV 97.5 MPH)
|
|
Batting: RHB Seung-mun Kim
|
0-0: Ball 1-0: Ball 2-0: Foul Ball, location: 2F 2-1: Ball 3-1: Base on Balls
|
|
Batting: RHB Vaclav Been
|
0-0: Called Strike 0-1: Hit by Pitch Seung-mun Kim to second
|
|
Batting: RHB Eduardo Calderon
|
0-0: Called Strike 0-1: Ball 1-1: Ball 2-1: DOUBLE (Line Drive, 78XD, EV 104.4 MPH) Seung-mun Kim scores Vaclav Been to third Runner from 3rd tries for Home, SAFE, no throw by LF
|
|
Batting: RHB Mark Schultz
|
0-0: SINGLE (Line Drive, 7S, EV 85.6 MPH) Eduardo Calderon to third Runner from 3rd tries for Home, SAFE, throw by LF to home
|
|
Pitching: RHP Ian Ferrara
|
|
|
Batting: LHB Danny Zuniga
|
0-0: Called Strike 0-1: 2-RUN HOME RUN (Flyball, 9D, EV 95.0 MPH), Distance : 354 ft
|
|
Batting: LHB Josh George
|
0-0: Ball 1-0: Ball 2-0: Foul Ball, location: 2F 2-1: Swinging Strike 2-2: Strikes out looking
|
| Top of the 7th over - 5 runs, 3 hits, 0 errors, 0 left on base; Philadelphia (APP) 10 - Bristol 2 |
| BOTTOM OF THE 7TH |
|
Bristol Pirates batting - Pitching for Philadelphia (APP) Phillies : RHP Tony Trevino
|
|
Batting: LHB Randy Boone
|
0-0: Ball 1-0: Foul Ball, location: 2F 1-1: Foul Ball, location: 2F 1-2: Strikes out swinging
|
|
Pitching: RHP Georgs Felitti
|
|
|
Batting: RHB Etsuro Hosokawa
|
0-0: Ball 1-0: Ball 2-0: Ball 3-0: Called Strike 3-1: Called Strike 3-2: Strikes out swinging
|
|
Batting: RHB Jaime Dubicki
|
0-0: Ball 1-0: Ball 2-0: Swinging Strike 2-1: Called Strike 2-2: Foul Ball, location: 2F 2-2: Foul Ball, location: 2F 2-2: Strikes out swinging
|
| Bottom of the 7th over - 0 runs, 0 hits, 0 errors, 0 left on base; Philadelphia (APP) 10 - Bristol 2 |
| TOP OF THE 8TH |
|
Philadelphia (APP) Phillies batting - Pitching for Bristol Pirates : RHP Ian Ferrara
|
|
Batting: LHB Eric Farren
|
0-0: Ball 1-0: SINGLE (Line Drive, 7LS, EV 90.0 MPH)
|
|
Batting: LHB Matt Urbanek
|
0-0: Ball 1-0: SINGLE (Groundball, 34D, EV 100.6 MPH) Eric Farren to second
|
|
Batting: RHB Gary Sampson
|
0-0: Called Strike 0-1: Called Strike 0-2: Strikes out swinging
|
|
Batting: RHB Seung-mun Kim
|
0-0: Ball 1-0: Foul Ball, location: 2F 1-1: Foul Ball, location: 2F 1-2: Ball 2-2: Foul Ball, location: 2F 2-2: Foul Ball, location: 2F 2-2: Hit by Pitch Eric Farren to third Matt Urbanek to second
|
|
Pitching: RHP Hugo Rodriguez
|
|
|
Batting: RHB Vaclav Been
|
0-0: Called Strike 0-1: Called Strike 0-2: Strikes out swinging
|
|
Batting: RHB Eduardo Calderon
|
0-0: Ball 1-0: Ball 2-0: Ball 3-0: Base on Balls Eric Farren scores Matt Urbanek to third Seung-mun Kim to second
|
|
Batting: RHB Mark Schultz
|
0-0: Called Strike 0-1: Foul Ball, location: 2F 0-2: Ground out 2-3 (Groundball, 2R, EV 68.1 MPH)
|
| Top of the 8th over - 1 run, 2 hits, 0 errors, 3 left on base; Philadelphia (APP) 11 - Bristol 2 |
| BOTTOM OF THE 8TH |
|
Bristol Pirates batting - Pitching for Philadelphia (APP) Phillies : RHP Georgs Felitti
|
|
Batting: LHB Ruben Garza
|
0-0: Called Strike 0-1: Called Strike 0-2: Ball 1-2: Strikes out looking
|
|
Batting: RHB Andrew DeRicco
|
0-0: Ball 1-0: Swinging Strike 1-1: Ball 2-1: Swinging Strike 2-2: Ball 3-2: Strikes out swinging
|
|
Batting: RHB Gilberto Victoria
|
0-0: Called Strike 0-1: Ball 1-1: Ball 2-1: SINGLE (Groundball, 6MD, EV 98.1 MPH)
|
|
Pitching: RHP Dustin Greaves
|
|
|
Batting: LHB Tomohiro Yokoyama
|
0-0: Ball 1-0: Called Strike 1-1: Foul Ball, location: 2F 1-2: Ball 2-2: Strikes out swinging
|
| Bottom of the 8th over - 0 runs, 1 hit, 0 errors, 1 left on base; Philadelphia (APP) 11 - Bristol 2 |
| TOP OF THE 9TH |
|
Philadelphia (APP) Phillies batting - Pitching for Bristol Pirates : RHP Hugo Rodriguez
|
|
Batting: LHB Danny Zuniga
|
0-0: Called Strike 0-1: Foul Ball, location: 2F 0-2: Ball 1-2: Hit by Pitch
|
|
Batting: LHB Josh George
|
0-0: Foul Ball, location: 2F 0-1: Called Strike 0-2: Ball 1-2: Ball 2-2: Strikes out swinging
|
|
Batting: LHB Eric Farren
|
0-0: Foul Ball, location: 2F 0-1: Foul Ball, location: 2F 0-2: Ball 1-2: Ball 2-2: Foul Ball, location: 2F 2-2: Ball 3-2: Strikes out swinging
|
|
Batting: LHB Matt Urbanek
|
0-0: Ball 1-0: Called Strike 1-1: Ball 2-1: Ball 3-1: Base on Balls Danny Zuniga to second
|
|
Batting: RHB Gary Sampson
|
0-0: Ball 1-0: Ball 2-0: Ball 3-0: Base on Balls Danny Zuniga to third Matt Urbanek to second
|
|
Batting: RHB Seung-mun Kim
|
0-0: Ball 1-0: Swinging Strike 1-1: Ball 2-1: Called Strike 2-2: Ball Wild Pitch! Danny Zuniga scores Matt Urbanek to third Gary Sampson to second 3-2: Foul Ball, location: 2F 3-2: 3-RUN HOME RUN (Line Drive, 7D, EV 100.0 MPH), Distance : 402 ft
|
|
Pitching: RHP Joe Wise
|
|
|
Batting: RHB Vaclav Been
|
0-0: Foul Ball, location: 2F 0-1: Ball 1-1: Swinging Strike 1-2: Foul Ball, location: 2F 1-2: Ground out 6-3 (Groundball, 56, EV 76.2 MPH)
|
| Top of the 9th over - 4 runs, 1 hit, 0 errors, 0 left on base; Philadelphia (APP) 15 - Bristol 2 |
| BOTTOM OF THE 9TH |
|
Bristol Pirates batting - Pitching for Philadelphia (APP) Phillies : RHP Dustin Greaves
|
|
Batting: RHB Rob Colley
|
0-0: Called Strike 0-1: Foul Ball, location: 2F 0-2: Strikes out swinging
|
|
Batting: RHB Perry Dominey
|
0-0: Ground out 5-3 (Groundball, 56, EV 80.6 MPH)
|
|
Batting: LHB Randy Boone
|
0-0: Ball 1-0: Fly out, F5 (Popup, 56S, EV 78.1 MPH)
|
| Bottom of the 9th over - 0 runs, 0 hits, 0 errors, 0 left on base; Philadelphia (APP) 15 - Bristol 2 |
|